 Dungeon Crawl Stone Soup version 0.31-a0-358-gac0dbeb3ab (webtiles) character file.

Game seed: 1379645745891987676

4620 AdnanSaban the Basher (level 10, -26/94 HPs)
             Began as a Gargoyle Fighter on July 25, 2023.
             Killed by the air
             ... invoked by Gastronok
              (37 damage)
             ... on level 8 of the Dungeon.
             The game lasted 00:13:14 (9289 turns).

AdnanSaban the Basher (Gargoyle Fighter)            Turns: 9289, Time: 00:13:14

Health: -26/94     AC: 25    Str: 30    XL:     10   Next: 42%
Magic:  0/10       EV:  2    Int:  9    God:
Gold:   527        SH:  5    Dex:  9    Spells: 9/9 levels left

rFire   . . .        a - +0 flail
rCold   . . .        c - +0 buckler
rNeg    + . .        g - melded +0 plate armour
rPois   ∞            (helmet currently unavailable)
rElec   .            n - melded +0 cloak
rCorr   .            b - melded +0 pair of gloves
SInv    +            (boots currently unavailable)
Will    .....        y - amulet of guardian spirit
Stlth   +            i - +6 ring of strength
HPRegen 0.35/turn    w - ring of see invisible
MPRegen 0.12/turn

%: guardian spirit
@: tree-form
A: stationary, stasis, torment immunity, boosted hp, sickness immunity, AC +7,
negative energy resistance 1, (electricity resistance), torment resistance 1,
petrification resistance
a: no special abilities


You were on level 8 of the Dungeon.
You were a tree.
You visited 2 branches of the dungeon, and saw 9 of its levels.

You collected 527 gold pieces.

Inventory:

Hand Weapons
 a - a +0 flail (weapon)
Missiles
 k - 4 javelins
 t - 7 poisoned darts (quivered)
 x - 3 datura-tipped darts
Armour
 b - a +0 pair of gloves (melded)
 c - a +0 buckler (worn)
 g - a +0 plate armour (melded)
 n - a +0 cloak (melded)
Jewellery
 i - a +6 ring of strength (left branch)
 w - a ring of see invisible (right branch)
 y - an amulet of guardian spirit (around neck)
Wands
 A - a wand of flame (24)
Scrolls
 h - 2 scrolls of amnesia {unknown}
 j - 4 scrolls of revelation {unknown}
 l - a scroll of noise {unknown}
 r - 2 scrolls of fog {unknown}
 s - a scroll of fear {unknown}
 u - 5 scrolls of identify {unknown}
 v - 3 scrolls of teleportation {unknown}
 D - a scroll of enchant weapon {unknown}
 E - a scroll of torment {unknown}
Potions
 d - 2 potions of might
 e - 2 potions of heal wounds {unknown}
 f - a potion of cancellation {unknown}
 m - 3 potions of haste {unknown}
 o - a potion of mutation {unknown}
 p - 7 potions of curing {unknown}
 q - a potion of brilliance {unknown}
 z - 2 potions of ambrosia {unknown}
 B - a potion of invisibility {unknown}
 C - 2 potions of degeneration {unknown}


   Skills:
 + Level 7.6 Fighting
 + Level 10.4 Maces & Flails
 + Level 2.1 Throwing
 + Level 8.3 Armour
 + Level 1.4 Dodging
 + Level 5.9 Shields


You had 9 spell levels left.
You didn't know any spells.
Your spell library contained the following spells:

 Spells                   Type           Power      Damage    Failure   Level
 Freeze                   Ice            0%         1d3       43%         1
 Magic Dart               Conj           0%         1d3       43%         1
 Call Imp                 Summ           0%         N/A       56%         2
 Poisonous Vapours        Pois/Air       0%         N/A       56%         2
 Frozen Ramparts          Ice            0%         1d1       80%         3
 Gell's Gravitas          Tloc           0%         N/A       80%         3
 Hailstorm                Conj/Ice       0%         3d3       80%         3
 Ignite Poison            Fire/Tmut/Pois 0%         N/A       80%         3
 Mephitic Cloud           Conj/Pois/Air  0%         N/A       80%         3
 Teleport Other           Tloc           0%         N/A       80%         3
 Freezing Cloud           Conj/Ice/Air   0%         6-21      100%        5
 Dispersal                Tloc           0%         N/A       100%        6
 Cigotuvi's Dreadful Rot  Necr/Pois/Air  Unusable   N/A       N/A         2

Dungeon Overview and Level Annotations

Branches:
Dungeon (8/15)             Temple (1/1) D:5
   Lair: D:8-11

Altars:
Ashenzari
Cheibriados
Dithmenos
Elyvilon
Fedhas
Gozag
Hepliaklqana
Kikubaaqudgha
Makhleb
Nemelex Xobeh
Qazlal
Sif Muna
Trog
Uskayaw
Vehumet
Xom
Yredelemnul
Zin
The Shining One

Shops:
D:6 *

Annotations:
D:7 1 runed translucent door, maded's ghost, novice DjFE
D:8 Gastronok


Innate Abilities, Weirdness & Mutations

You are a tree.
Your roots penetrate the ground, keeping you stationary.
You cannot be teleported.
You are immune to unholy pain and torment.
Your maximum health is greatly increased.
Your equipment is partially melded.
You are immune to sickness and miasma.
((Your stone body is resilient. (AC +7)))
You are immune to poison.
You resist negative energy. (rN+)
((You are resistant to electric shocks. (rElec)))
You are resistant to unholy torment.
You are immune to petrification.


Message History

The centaur is lightly wounded.
The centaur hits you but does no damage.
The centaur kicks you but does no damage.
You completely miss the centaur.
The centaur is lightly wounded.
The centaur hits you but does no damage.
The centaur kicks you but does no damage.
The centaur hits you but does no damage.
The centaur kicks you but does no damage.
Gastronok waves his eye-stalks in wide circles.
The air twists around and strikes you!!
* * * LOW HITPOINT WARNING * * *
You thump the centaur!
The centaur is almost dead.
The centaur hits you but does no damage.
The centaur kicks you but does no damage.
You barely miss the centaur.
The centaur is almost dead.
The centaur hits you but does no damage.
The centaur kicks you but does no damage.
The centaur hits you but does no damage.
You block the centaur's attack.
Gastronok gurgles.
You take on a slight green cast.
You hit the centaur but do no damage.
The centaur is almost dead.
The centaur hits you but does no damage.
The centaur kicks you but does no damage.
Unknown command.
You barely miss the centaur.
The centaur is almost dead.
The centaur hits you.
* * * LOW HITPOINT WARNING * * *
The centaur kicks you but does no damage.
Unknown command.
You hit the centaur.
You kill the centaur!
Gastronok waves his eye-stalks in wide circles.
The air twists around and strikes you!!!
You die...

.................... .
.................... .#
###.................#
..##...................
.....................# ..
......^..............####.#
...........................
...........#..†w...........
.........###...)♣........#.......
........###..#...).........#.....
.......##.#..##..#...............
/......#.....##..##..##..........
....).........#.###.<#...........
..........##....# ##.##..........
........#.......###........#.....
.....w.##.#................#.....
##.....#####....#................


You could see Gastronok.

Vanquished Creatures
  Maggie (D:7)
  A hornet (D:8)
  5 yaks (D:7)
  Grum (D:8)
  A steam dragon (D:7)
  Menkaure (D:6)
  A water moccasin (D:4)
  2 orc warriors
  2 ice beasts (D:6)
  3 black bears
  3 wolves (D:7)
  3 ogres
  4 centaurs
  2 bullfrogs
  4 scorpions
  5 wights (D:6)
  4 howler monkeys
  3 hounds
  An orc priest (D:5)
  2 iguanas
  A sleepcap (D:7)
  6 orc wizards
  10 adders
  6 gnolls
  2 shadow imps
  A white imp (D:7)
  2 ufetubi (D:5)
  7 worms
  4 dart slugs
  19 orcs
  5 bats
  13 endoplasms
  3 giant cockroaches (D:1)
  12 goblins
  9 hobgoblins
  A jackal (D:5)
  5 quokkas
  5 ball pythons
  12 frilled lizards
  4 kobolds
  6 rats
182 creatures vanquished.

Vanquished Creatures (others)
  A sky beast (D:6)
  An orc (D:7)
2 creatures vanquished.

Grand Total: 184 creatures vanquished

Notes
Turn   | Place    | Note
-------+----------+-------------------------------------------
     0 | D:1      | AdnanSaban the Gargoyle Fighter began the quest for the
                  | Orb.
     0 | D:1      | Reached XP level 1. HP: 14/14 MP: 1/1
   114 | D:1      | Reached XP level 2. HP: 19/19 MP: 2/2
   460 | D:1      | Reached XP level 3. HP: 24/24 MP: 3/3
  1199 | D:2      | Reached skill level 1 in Dodging
  1380 | D:2      | Reached XP level 4. HP: 29/29 MP: 4/4
  2210 | D:3      | Found a glowing silver altar of Zin.
  2228 | D:3      | Found an ancient bone altar of Kikubaaqudgha.
  2247 | D:3      | Found a faded altar of an unknown god.
  2412 | D:3      | Found a glowing golden altar of the Shining One.
  2512 | D:3      | Reached skill level 3 in Maces & Flails
  2626 | D:3      | Reached XP level 5. HP: 33/33 MP: 5/5
  2792 | D:3      | Found a burning altar of Makhleb.
  3003 | D:4      | Noticed an ogre
  3016 | D:4      | Reached skill level 4 in Maces & Flails
  3068 | D:4      | Found a stormy altar of Qazlal.
  3078 | D:4      | Reached XP level 6. HP: 38/39 MP: 6/6
  3324 | D:4      | Noticed a black bear
  3333 | D:4      | Killed a black bear
  3387 | D:4      | Found an ancient bone altar of Kikubaaqudgha.
  3450 | D:4      | Noticed a water moccasin
  3467 | D:4      | Killed a water moccasin
  3468 | D:4      | Reached skill level 5 in Maces & Flails
  3468 | D:4      | Reached XP level 7. HP: 32/44 MP: 7/7
  3768 | D:5      | Entered Level 5 of the Dungeon
  4098 | D:5      | Noticed a two-headed ogre
  4626 | D:6      | Reached skill level 5 in Fighting
  4626 | D:6      | Reached skill level 6 in Maces & Flails
  4626 | D:6      | Reached skill level 5 in Armour
  5227 | D:5      | Reached skill level 1 in Throwing
  5227 | D:5      | Reached XP level 8. HP: 16/49 MP: 2/8
  5362 | D:6      | Reached skill level 7 in Maces & Flails
  5647 | D:6      | Noticed Menkaure
  5659 | D:6      | Killed Menkaure
  5836 | D:6      | Found Gounaq's General Store.
  6059 | D:7      | Noticed Maggie
  6509 | D:6      | Reached XP level 9. HP: 43/55 MP: 9/9
  6605 | D:6      | Reached skill level 8 in Maces & Flails
  6877 | D:7      | Killed Maggie
  6878 | D:7      | Reached skill level 5 in Shields
  7362 | D:7      | Found a runed translucent door.
  7362 | D:7      | Noticed maded's ghost (novice DjFE)
  8247 | D:5      | Found a staircase to the Ecumenical Temple.
  8257 | Temple   | Entered the Ecumenical Temple
  8305 | D:5      | Reached skill level 9 in Maces & Flails
  8621 | D:8      | Noticed Grum
  8630 | D:7      | Reached XP level 10. HP: 57/63 MP: 8/10
  8833 | D:7      | Reached skill level 10 in Maces & Flails
  8973 | D:8      | Killed Grum
  9083 | D:8      | Noticed Gastronok
  9289 | D:8      | Killed from afar by Gastronok

Illustrated notes

Levels and vault maps discovered:
D:1:      dpeg_arrival_windows_large_door, layout_basic, minmay_heptomino_l4
D:2:      layout_basic, minmay_lizard_king
D:3:      layout_loops_ring, tso_oasis_becter, mainiacjoe_overflow_alcove_2,
          mainiacjoe_overflow_24_doors, bloody_makhleb,
          hellmonk_ecumenical_altar_leap_of_faith
D:4:      layout_basic, grunt_qazlal_sundering, minmay_ruined_shrine
D:5:      minmay_inner_zag, layout_loops_cross, minmay_temple_entry_offerings,
          minmay_stone_trees_small, minmay_small_thing
D:6:      layout_basic, serial_shops, shop, minmay_diced_spiral, uniq_menkaure
D:7:      layout_basic, ebering_ghost_inner_flame, uniq_maggie
D:8:      layout_cave_pools, nicolae_ru_great_annihilating_truth, serial_shops,
          shop_fountains, uniq_gastronok, uniq_grum, uniq_amaemon
Temple:   zaba_magenta_temple

Skill      XL: |  1  2  3  4  5  6  7  8  9 10 |
---------------+-------------------------------+-----
Fighting       | 4 5 6 7 |  7.6
Dodging        | 1 |  1.4
Maces & Flails | 3 4 5 6 7 9 10 | 10.4
Armour         | 4 5 6 7 8 |  8.3
Shields        | 4 5 |  5.9
Throwing       | 1 2 |  2.1

Action                     |  1- 3 |  4- 6 |  7- 9 | 10-12 || total
---------------------------+-------+-------+-------+-------++-------
  Melee: Flail             |    96 |   205 |   398 |    94 ||   793
         Unarmed           |       |       |       |     5 ||     5
  Throw: Dart              |       |     5 |    31 |     9 ||    45
   Stab: Distracted        |       |       |     1 |       ||     1
 Armour: Scale mail        |    12 |       |       |       ||    12
         Plate armour      |    40 |   126 |   274 |    73 ||   513
         Skin              |       |       |       |    35 ||    35
  Dodge: Dodged            |    23 |    63 |   133 |    55 ||   274
  Block: Buckler           |    14 |    41 |    71 |    29 ||   155

Table legend: (Time is in decaauts)
 A = Elapsed time spent in this place.
 B = Non-inter-level travel time spent in this place.
 C = Inter-level travel time spent in this place.
 D = Time resting spent in this place.
 E = Time spent auto-exploring this place.
 F = Levels seen in this place.
 G = Mean time per level.
                   A        B        C        D        E       F      G
               +--------+--------+--------+--------+--------+-----+--------+
         Total |   9404 |   8866 |    538 |    892 |   5980 |   9 | 1044.9 |
       Dungeon |   9402 |   8864 |    538 |    892 |   5980 |   8 | 1175.2 |
        Temple |      1 |      1 |      0 |      0 |      0 |   1 |    1.0 |
               +--------+--------+--------+--------+--------+-----+--------+

Top non-repeatable levels by time:
     D:6: 2048 daAuts
     D:7: 1888 daAuts
     D:5: 1160 daAuts
     D:2: 1080 daAuts
     D:4: 1065 daAuts
     D:1: 1040 daAuts
     D:3: 871 daAuts
     D:8: 247 daAuts
  Temple: 1 daAuts
